 Dungeon Crawl Stone Soup version 0.30-a0-381-g6ea064c7b4 (webtiles) character file.

Game seed: 2016831816179655594

9 PyroL the Grave Robber (level 2, 19/19 HPs)
             Began as a Demonspawn Necromancer on Dec 1, 2022.
             Quit the game on level 1 of the Dungeon.
             The game lasted 00:00:37 (271 turns).

PyroL the Grave Robber (Demonspawn Necromancer)      Turns: 271, Time: 00:00:38

Health: 19/19      AC:  4    Str:  8    XL:     2   Next: 3%
Magic:  4/5        EV: 12    Int: 16    God:
Gold:   35         SH:  0    Dex: 13    Spells: 4/5 levels left

rFire   . . .      SeeInvis .    g - +0 short sword
rCold   . . .      Faith    .    (no shield)
rNeg    . . .      Spirit   .    a - +0 robe
rPois   .          Reflect  .    f - +0 helmet
rElec   .          Harm     .    e - +0 cloak
rCorr   .          Rampage  .    (no gloves)
Will    .....                    (no boots)
Stlth   ++........               (no amulet)
HPRegen 0.23/turn                (no ring)
MPRegen 0.09/turn                (no ring)

@: no status effects
A: weakness stinger 1
a: no special abilities


You were on level 1 of the Dungeon.
You visited 1 branch of the dungeon, and saw 1 of its levels.

You collected 35 gold pieces.

Inventory:

Hand Weapons
 g - a +0 short sword (weapon)
Missiles
 d - 4 poisoned darts
Armour
 a - a +0 robe (worn)
 e - a +0 cloak (worn)
 f - a +0 helmet (worn)
Scrolls
 c - 2 scrolls of teleportation {unknown}
Potions
 b - a potion of magic
 h - a potion of flight {unknown}


   Skills:
 - Level 1.7 Dodging
 - Level 1.7 Stealth
 + Level 2.3 Spellcasting
 + Level 4.6 Necromancy


You had 4 spell levels left.
You knew the following spells:

 Your Spells              Type           Power      Damage    Failure   Level
a - Necrotise             Necr           64%        1d7       3%          1

Your spell library contained the following spells:

 Spells                   Type           Power      Damage    Failure   Level
 Vampiric Draining        Necr           16%        2d7       9%          3
 Animate Dead             Necr           16%        N/A       28%         4
 Agony                    Necr           16%        N/A       63%         5


Dungeon Overview and Level Annotations

Branches:
Dungeon (1/15)

Altars:


Innate Abilities, Weirdness & Mutations

You have a small tail.


Message History

A bat comes into view.
Found a grey potion.
Things that are here:
a +0 short sword; 4 stones
g - a +0 short sword (weapon)
h - a grey potion
Found a stone staircase leading down.
c - 2 scrolls labelled ZUFOMUTEE ITZA (gained 1)
There is a stone staircase leading down here.
The endoplasm quivers.
The endoplasm writhes in agony.
You kill the endoplasm!
A ball python comes into view.
A ball python is nearby!
A ball python comes into view.
The ball python hisses angrily. x2
The ball python bites you. The ball python grabs you.
The ball python constricts you.
The ball python writhes in agony.
You kill the ball python!
The dead are slithering!
The ball python bites your ball python skeleton.
The ball python grabs your ball python skeleton.
The ball python constricts your ball python skeleton.
The ball python writhes in agony.
You kill the ball python!
The dead are slithering!
You have reached level 2!
Your demonic ancestry asserts itself...
You grow a small tail.
Your ball python skeleton crumbles into dust!
Your ball python skeleton crumbles into dust!
A frilled lizard comes into view.
The frilled lizard hisses angrily.
The frilled lizard writhes in agony.
You kill the frilled lizard!
The dead are walking!
A kobold comes into view. It is wielding a +0 short sword.
You can't see any susceptible monsters within range! (Use Z to cast anyway.) Are you sure you want to abandon this character and quit the game? (Confirm with "yes".)

# #.....###### #
####.###......# # #....#
#......#
#####....###......#
.........#.......##
#.......##.......#
####....##.......#
###.######....######
#....# ##..@..Z..#
#.##.## #.........K
#.....###..........
####........#......
#.#######......#.#...###
#............#.#.......
######.###...#.#..#...##
.......# ###†.....#....
####...# ####.###.#..#


You could see a kobold and a friendly frilled lizard skeleton.

Vanquished Creatures
  An endoplasm (D:1)
  2 hobgoblins (D:1)
  4 ball pythons (D:1)
  A frilled lizard (D:1)
8 creatures vanquished.

Notes
Turn   | Place    | Note
-------+----------+-------------------------------------------
     0 | D:1      | PyroL the Demonspawn Necromancer began the quest for the
                  | Orb.
     0 | D:1      | Reached XP level 1. HP: 13/13 MP: 3/3
   218 | D:1      | Gained mutation: You have a small tail. [demonic ancestry]
   218 | D:1      | Reached XP level 2. HP: 15/19 MP: 1/5
   271 | D:1      | Quit the game

Illustrated notes

Levels and vault maps discovered:
D:1:      dpeg_arrival_simpleton_c, layout_basic, chequers_serial_rivers_marsh,
          dreamdust_mushroom_princess, minmay_misc_feat_columns

Action                   || total
-------------------------++-------
Melee: Unarmed           ||     3
 Cast: Necrotise         ||     9
 Stab: Distracted        ||     1
Dodge: Dodged            ||     2

Table legend: (Time is in decaauts)
 A = Elapsed time spent in this place.
 B = Non-inter-level travel time spent in this place.
 C = Inter-level travel time spent in this place.
 D = Time resting spent in this place.
 E = Time spent auto-exploring this place.
 F = Levels seen in this place.
 G = Mean time per level.
                   A        B        C        D        E       F      G
               +--------+--------+--------+--------+--------+-----+--------+
         Total |    270 |    270 |      0 |      0 |    196 |   1 |  270.0 |
       Dungeon |    270 |    270 |      0 |      0 |    196 |   1 |  270.0 |
               +--------+--------+--------+--------+--------+-----+--------+

Top non-repeatable levels by time:
     D:1: 270 daAuts
